 Dungeon Crawl Stone Soup version 0.20-a0-689-g860b9ab (webtiles) character file.

70 polly the Shield-Bearer (level 4, 0/29 HPs)
             Began as a Gargoyle Fighter on Feb 20, 2017.
             Slain by asalami's ghost (9 damage)
             ... on level 3 of the Dungeon.
             The game lasted 00:04:00 (1964 turns).

polly the Shield-Bearer (Gargoyle Fighter)          Turns: 1964, Time: 00:04:01

Health: 0/29       AC: 11    Str: 20    XL:     4   Next: 21%
Magic:  4/4        EV:  7    Int:  8    God:
Gold:   81         SH:  9    Dex: 10    Spells: 3/3 levels left

rFire    . . .     SeeInvis .   a - +0 flail
rCold    . . .     Gourm    .   b - +0 scale mail
rNeg     + . .     Faith    .   c - +0 shield
rPois    ∞         Spirit   .   (no helmet)
rElec    +         Reflect  .   m - +0 cloak
rCorr    .         Harm     .   (no gloves)
MR       .....                  (no boots)
Stlth    ..........             (no amulet)
Regen    0.1/turn               (no ring)
MPRegen  0.1/turn               (no ring)

@: no status effects
A: negative energy resistance 1, electricity resistance, unbreathing,
petrification resistance, rot immunity, AC +3
a: no special abilities


You were on level 3 of the Dungeon.
You were hungry.

You visited 1 branch of the dungeon, and saw 3 of its levels.

You collected 81 gold pieces.

Inventory:

Hand Weapons
 a - a +0 flail (weapon)
Armour
 b - a +0 scale mail (worn)
 c - a +0 shield (worn)
 m - a +0 cloak (worn)
Jewellery
 o - an uncursed ring of ice {unknown}
Scrolls
 e - 3 scrolls of identify {unknown}
 g - a scroll of remove curse {unknown}
 j - a scroll of fear {unknown}
 k - a scroll of noise {unknown}
 n - a scroll of immolation {unknown}
Potions
 d - a potion of might
 h - a potion of heal wounds {unknown}
 i - a potion of agility {unknown}
 p - a potion of cancellation {unknown}
Books
 l - a book of Cantrips

   Spells                             Type                      Level
   a - Confusing Touch                Hexes                        1
   b - Animate Skeleton               Necromancy                   1
   c - Summon Small Mammal            Summoning                    1
   d - Apportation                    Translocation                1
Comestibles
 f - a bread ration


   Skills:
 + Level 3.7 Fighting
 + Level 2.4 Maces & Flails
 + Level 3.8 Armour
 + Level 0.4 Dodging
 + Level 0.5 Stealth
 + Level 4.1 Shields


You had 3 spell levels left.
You didn't know any spells.

Dungeon Overview and Level Annotations

Branches:
Dungeon (3/15)

Altars:

Annotations:
D:3 asalami's ghost, amateur DsGl


Innate Abilities, Weirdness & Mutations

You are resistant to torment.
Your stone body is resilient. (AC +3)
You are immune to poison.
You resist negative energy. (rN+)
You are resistant to electric shocks. (rElec)
You can survive without breathing.
You are immune to petrification.
You are immune to rotting.


Message History

You are too injured to fight recklessly!
You are too injured to fight recklessly!
You are too injured to fight recklessly!
You are too injured to fight recklessly!
You are too injured to fight recklessly!
You are too injured to fight recklessly!
You are too injured to fight recklessly!
You hit asalami's ghost.
Asalami's ghost is severely damaged.
Asalami's ghost hits you.
You sock asalami's ghost!
Asalami's ghost is almost destroyed.
Asalami's ghost barely misses you.
You hit asalami's ghost but do no damage.
Asalami's ghost is almost destroyed.
Asalami's ghost hits you. You block asalami's ghost's attack.
You completely miss asalami's ghost.
Asalami's ghost is almost destroyed.
Asalami's ghost hits you!
You die...

#..........#
#..........#
+..........##
#...........#
#...<.......#
#...........#
###...........#
.............##
........@.##...#
........W>+
.....
...(......#
...##
$.........# ..#
..........
...........
.....<.....
.#######....


You could see asalami's ghost.

Vanquished Creatures
  3 adders (D:2)
  A worm (D:2)
  2 dart slugs (D:2)
  A ball python (D:1)
  4 bats
  5 giant cockroaches (D:2)
  4 hobgoblins
  4 jackals (D:1)
  2 frilled lizards
  5 kobolds
  4 rats
35 creatures vanquished.

Notes
Turn   | Place    | Note
-------+----------+-------------------------------------------
     0 | D:1      | polly the Gargoyle Fighter began the quest for the Orb.
     0 | D:1      | Reached XP level 1. HP: 14/14 MP: 1/1
   326 | D:1      | Reached XP level 2. HP: 19/19 MP: 2/2
   944 | D:2      | Reached XP level 3. HP: 6/23 MP: 3/3
  1476 | D:2      | Reached skill level 4 in Shields
  1665 | D:2      | Reached XP level 4. HP: 29/29 MP: 4/4
  1947 | D:3      | Noticed asalami's ghost (amateur DsGl)
  1964 | D:3      | Slain by asalami's ghost

Vault maps used:
D:1:      dpeg_arrival_water_altar, minmay_liquid_box, minmay_misc_feat_tower,
          minmay_misc_feat_columns
D:2:      st_stairs_11
D:3:      trog_three_pillars_becter, uniq_natasha, uniq_grinder

Skill      XL: |  1  2  3 |
---------------+----------+-----
Shields        | 4 |  4.1
Fighting       | |  3.7
Maces & Flails | |  2.4
Armour         | |  3.8
Dodging        | |  0.4
Stealth        | |  0.5

Action                   |  1- 3 |  4- 6 || total
-------------------------+-------+-------++-------
Melee: Flail             |   135 |    30 ||   165
  Eat: Chunk             |     2 |     1 ||     3
Armor: Scale mail        |   101 |     9 ||   110
Dodge: Dodged            |    57 |    10 ||    67
Block: Shield            |    97 |    13 ||   110
